SKY
BOSTON RED SOX @ LOS ANGELES DODGERS
07/13/2052
 
TOP OF THE 1ST
Boston Red Sox batting - Pitching for Los Angeles Dodgers : LHP Dirk Terre
Pitching: LHP Dirk Terre
Batting: RHB William Spicer 0-0: Ball
1-0: Called Strike
1-1: Foul Ball, location: 2F
1-2: Ball
2-2: Ground out 6-3 (Groundball, 6, EV 84.4 MPH)
Batting: SHB Ward Saylor 0-0: Ball
1-0: SINGLE (Groundball, 4MD, EV 100.6 MPH)
Batting: RHB Ruben Otero 0-0: Called Strike
0-1: Called Strike
0-2: Ball
1-2: Hit by Pitch
Ward Saylor to second
Batting: RHB Liam Sena 0-0: Ball
1-0: Swinging Strike
1-1: Swinging Strike
1-2: Strikes out swinging
Batting: RHB Alastair Cooledge 0-0: Ball
1-0: Foul Ball, location: 3FF
1-1: Swinging Strike
1-2: Ball
2-2: Strikes out swinging
Top of the 1st over - 0 runs, 1 hit, 0 errors, 2 left on base; Boston 0 - Los Angeles 0
BOTTOM OF THE 1ST
Los Angeles Dodgers batting - Pitching for Boston Red Sox : LHP Mike Mason
Pitching: LHP Mike Mason
Batting: RHB Noah Summerville 0-0: Ball
1-0: Called Strike
1-1: Fly out, F9 (Line Drive, 9, EV 92.5 MPH)
Batting: SHB Kevin Tanaka 0-0: Swinging Strike
0-1: Ball
1-1: Ball
2-1: Ball
3-1: Foul Ball, location: 3FF
3-2: Reached on error, E4 (Groundball, 4M, EV 85.6 MPH)
Batting: LHB Trent Veasey 0-0: Ball
1-0: Ball
2-0: Ball
3-0: Base on Balls
Kevin Tanaka to second
Batting: RHB Storm Ellis 0-0: Fly out, F7 (Flyball, 7, EV 79.4 MPH)
Batting: RHB Griffin Johnston 0-0: Ball
1-0: Fielders Choice at 2nd, 5-4 (Groundball, 56, EV 82.5 MPH)
Bottom of the 1st over - 0 runs, 0 hits, 1 error, 2 left on base; Boston 0 - Los Angeles 0
TOP OF THE 2ND
Boston Red Sox batting - Pitching for Los Angeles Dodgers : LHP Dirk Terre
Batting: RHB Pooh Whitney 0-0: Called Strike
0-1: Ball
1-1: Fly out, F4 (Popup, 34D, EV 60.6 MPH)
Batting: LHB Chase Veliz 0-0: Called Strike
0-1: Swinging Strike
0-2: SINGLE (Groundball, 13S, EV 76.3 MPH) (infield hit)
Batting: RHB Brooks Tucker 0-0: Called Strike
0-1: Ball
1-1: Ball
2-1: Ball
3-1: SINGLE (Line Drive, 4D, EV 98.1 MPH)
Chase Veliz to second
Runner from 2nd tries for 3rd, OUT! 9-5
Batting: RHB Jalen Duke 0-0: Foul Ball, location: 2F
0-1: Swinging Strike
0-2: Ball
1-2: Strikes out swinging
Top of the 2nd over - 0 runs, 2 hits, 0 errors, 1 left on base; Boston 0 - Los Angeles 0
BOTTOM OF THE 2ND
Los Angeles Dodgers batting - Pitching for Boston Red Sox : LHP Mike Mason
Batting: RHB Isaac Joseph 0-0: Ball
1-0: Called Strike
1-1: Ball
2-1: Called Strike
2-2: Ball
3-2: Ground out 4-3 (Groundball, 4, EV 104.4 MPH)
Batting: RHB Everson Alberto 0-0: Ball
1-0: Ball
2-0: Called Strike
2-1: Ball
3-1: Called Strike
3-2: Fly out, F1 (Popup, P, EV 88.1 MPH)
Batting: RHB Ryker Andrade 0-0: Called Strike
0-1: Ball
1-1: Called Strike
1-2: Ball
2-2: Ball
3-2: Foul Ball, location: 5F
3-2: Base on Balls
Batting: RHB Anderson Burney 0-0: Foul Ball, location: 25FF
0-1: Ball
1-1: Ball
2-1: Fielders Choice at 2nd, 6-4 (Groundball, 6, EV 78.8 MPH)
Bottom of the 2nd over - 0 runs, 0 hits, 0 errors, 1 left on base; Boston 0 - Los Angeles 0
TOP OF THE 3RD
Boston Red Sox batting - Pitching for Los Angeles Dodgers : LHP Dirk Terre
Batting: RHB William Spicer 0-0: Ball
1-0: Called Strike
1-1: Ball
2-1: Foul Ball, location: 23FF
2-2: Ball
3-2: Strikes out looking
Batting: SHB Ward Saylor 0-0: Ball
1-0: Called Strike
1-1: Fly out, F8 (Flyball, 8LD, EV 81.9 MPH)
Batting: RHB Ruben Otero 0-0: Called Strike
0-1: Ball
1-1: Ball
2-1: Ball
3-1: Base on Balls
Batting: RHB Liam Sena 0-0: Foul Ball, location: 2F
0-1: Swinging Strike
0-2: Ball
1-2: Ball
2-2: Foul Ball, location: 3F
2-2: Fielders Choice at 2nd, 5-4 (Groundball, 56, EV 78.8 MPH)
Top of the 3rd over - 0 runs, 0 hits, 0 errors, 1 left on base; Boston 0 - Los Angeles 0
BOTTOM OF THE 3RD
Los Angeles Dodgers batting - Pitching for Boston Red Sox : LHP Mike Mason
Batting: RHB Noah Summerville 0-0: Ball
1-0: Ground out 4-3 (Groundball, 4M, EV 83.8 MPH)
Batting: SHB Kevin Tanaka 0-0: Foul Ball, location: 2F
0-1: Ball
1-1: Ground out 5-3 (Groundball, 5, EV 86.9 MPH)
Batting: LHB Trent Veasey 0-0: Ground out 4-3 (Groundball, 4S, EV 95.0 MPH)
Bottom of the 3rd over - 0 runs, 0 hits, 0 errors, 0 left on base; Boston 0 - Los Angeles 0
TOP OF THE 4TH
Boston Red Sox batting - Pitching for Los Angeles Dodgers : LHP Dirk Terre
Batting: RHB Alastair Cooledge 0-0: Ball
1-0: Foul Ball, location: 9LDF
1-1: DOUBLE (Line Drive, 8RXD, EV 110.0 MPH)
Batting: RHB Pooh Whitney 0-0: Ball
1-0: Ground out 5-3 (Groundball, 56S, EV 69.4 MPH)
Alastair Cooledge to third
Batting: LHB Chase Veliz 0-0: Foul Ball, location: 23FF
0-1: Ground out 3-1 (Groundball, 34, EV 91.9 MPH)
Alastair Cooledge scores
Batting: RHB Brooks Tucker 0-0: Ball
1-0: Ball
2-0: Foul Ball, location: 2F
2-1: Foul Ball, location: 2F
2-2: Ball
3-2: Foul Ball, location: 9LDF
3-2: SINGLE (Groundball, 4D, EV 102.5 MPH)
Batting: RHB Jalen Duke 0-0: Swinging Strike
0-1: Ball
1-1: Foul Ball, location: 23FF
1-2: Strikes out swinging
Top of the 4th over - 1 run, 2 hits, 0 errors, 1 left on base; Boston 1 - Los Angeles 0
BOTTOM OF THE 4TH
Los Angeles Dodgers batting - Pitching for Boston Red Sox : LHP Mike Mason
Batting: RHB Storm Ellis 0-0: Fly out, F7 (Line Drive, 7S, EV 96.3 MPH)
Batting: RHB Griffin Johnston 0-0: Ball
1-0: Foul Ball, location: 9LMF
1-1: Ball
2-1: Ball
3-1: Base on Balls
Batting: RHB Isaac Joseph 0-0: Ball
1-0: Foul Ball, location: 5F
1-1: Foul Ball, location: 2F
1-2: Foul Ball, location: 2F
1-2: Strikes out swinging
Batting: RHB Everson Alberto 0-0: Called Strike
0-1: Swinging Strike
0-2: Ball
1-2: Foul Ball, location: 2F
1-2: Ball
2-2: Ball
3-2: Strikes out swinging
Bottom of the 4th over - 0 runs, 0 hits, 0 errors, 1 left on base; Boston 1 - Los Angeles 0
TOP OF THE 5TH
Boston Red Sox batting - Pitching for Los Angeles Dodgers : LHP Dirk Terre
Pitching: LHP Markel Saud
Batting: RHB William Spicer 0-0: Ball
1-0: Foul Ball, location: 25F
1-1: Foul Ball, location: 2F
1-2: Foul Ball, location: 25F
1-2: Ball
2-2: Strikes out swinging
Batting: SHB Ward Saylor 0-0: Called Strike
0-1: Called Strike
0-2: Ball
1-2: Strikes out swinging
Batting: RHB Ruben Otero 0-0: Called Strike
0-1: Swinging Strike
0-2: Ground out U3 (Groundball, 13, EV 91.3 MPH)
Top of the 5th over - 0 runs, 0 hits, 0 errors, 0 left on base; Boston 1 - Los Angeles 0
BOTTOM OF THE 5TH
Los Angeles Dodgers batting - Pitching for Boston Red Sox : LHP Mike Mason
Batting: RHB Ryker Andrade 0-0: Ball
1-0: Ball
2-0: Swinging Strike
2-1: Foul Ball, location: 2F
2-2: Fly out, F9 (Line Drive, 9, EV 91.9 MPH)
Batting: RHB Anderson Burney 0-0: Ball
1-0: Ball
2-0: Ground out 5-3 (Groundball, 56, EV 84.4 MPH)
Batting: RHB Noah Summerville 0-0: Ball
1-0: Called Strike
1-1: Foul Ball, location: 23F
1-2: SINGLE (Groundball, 34D, EV 98.1 MPH)
Batting: SHB Kevin Tanaka 0-0: Foul Ball, location: 3F
0-1: Ball
1-1: Fielders Choice at 2nd, 6-4 (Groundball, 6, EV 78.8 MPH)
Bottom of the 5th over - 0 runs, 1 hit, 0 errors, 1 left on base; Boston 1 - Los Angeles 0
TOP OF THE 6TH
Boston Red Sox batting - Pitching for Los Angeles Dodgers : LHP Markel Saud
Batting: RHB Liam Sena 0-0: Called Strike
0-1: Ball
1-1: Ball
2-1: Foul Ball, location: 2F
2-2: Ball
3-2: Foul Ball, location: 3DF
3-2: Strikes out swinging
Batting: RHB Alastair Cooledge 0-0: Called Strike
0-1: Ball
1-1: Swinging Strike
1-2: Strikes out swinging
Batting: RHB Pooh Whitney 0-0: Ball
1-0: Swinging Strike
1-1: Swinging Strike
1-2: Strikes out swinging
Top of the 6th over - 0 runs, 0 hits, 0 errors, 0 left on base; Boston 1 - Los Angeles 0
BOTTOM OF THE 6TH
Los Angeles Dodgers batting - Pitching for Boston Red Sox : LHP Mike Mason
Batting: LHB Trent Veasey 0-0: Foul Ball, location: 2F
0-1: Foul Ball, location: 3FF
0-2: Hit by Pitch
Batting: RHB Storm Ellis 0-0: Ball
1-0: 2-RUN HOME RUN (Flyball, 7D, EV 97.5 MPH), Distance : 367 ft
Batting: RHB Griffin Johnston 0-0: Fly out, F5 (Popup, 5, EV 61.9 MPH)
Batting: RHB Isaac Joseph 0-0: Foul Ball, location: 5SF
0-1: SOLO HOME RUN (Flyball, 7LD, EV 93.8 MPH), Distance : 349 ft
Pitching: RHP Dylan Lafferty
Batting: RHB Everson Alberto 0-0: Ball
1-0: Ball
2-0: Called Strike
2-1: Ball
3-1: Foul Ball, location: 2LF
3-2: Strikes out swinging
Batting: RHB Ryker Andrade 0-0: Called Strike
0-1: Ground out 5-3 (Groundball, 56S, EV 70.6 MPH)
Bottom of the 6th over - 3 runs, 2 hits, 0 errors, 0 left on base; Boston 1 - Los Angeles 3
TOP OF THE 7TH
Boston Red Sox batting - Pitching for Los Angeles Dodgers : LHP Markel Saud
Pitching: RHP Guy Hughes
Batting: LHB Chase Veliz 0-0: Ball
1-0: Reached via error on a dropped throw from 1B, E1 (Groundball, 34S, EV 85.0 MPH)
Batting: RHB Brooks Tucker 0-0: Ball
1-0: Foul Ball, location: 9LSF
1-1: Ball
2-1: Foul Ball, location: 3DF
2-2: Fly out, F3 (Popup, 23, EV 85.6 MPH)
Batting: RHB Jalen Duke 0-0: Swinging Strike
0-1: Ball
1-1: Foul Ball, location: 9LSF
1-2: Ball
2-2: Strikes out swinging
Batting: RHB William Spicer 0-0: Ball
1-0: Foul Ball, location: 9LMF
1-1: Called Strike
Chase Veliz steals 2nd base
1-2: Foul Ball, location: 2F
1-2: Strikes out swinging
Top of the 7th over - 0 runs, 0 hits, 1 error, 1 left on base; Boston 1 - Los Angeles 3
BOTTOM OF THE 7TH
Los Angeles Dodgers batting - Pitching for Boston Red Sox : RHP Dylan Lafferty
Batting: RHB Anderson Burney 0-0: Swinging Strike
0-1: Ball
1-1: Ground out 6-3 (Groundball, 6, EV 79.4 MPH)
Batting: RHB Noah Summerville 0-0: Ball
1-0: Foul Ball, location: 9LDF
1-1: Ball
2-1: SINGLE (Line Drive, 34, EV 96.3 MPH)
Batting: SHB Kevin Tanaka 0-0: Ball
1-0: Called Strike
1-1: Foul Ball, location: 2F
1-2: Ball
2-2: Ball
3-2: Foul Ball, location: 3SF
3-2: Strikes out swinging
Batting: LHB Trent Veasey 0-0: Called Strike
Noah Summerville steals 2nd base
0-1: Foul Ball, location: 3F
0-2: Foul Ball, location: 2F
0-2: Ball
1-2: Ball
2-2: Ball
3-2: DOUBLE (Flyball, 8LXD, EV 110.6 MPH)
Noah Summerville scores
Batting: RHB Storm Ellis 0-0: Called Strike
0-1: Ground out 6-3 (Groundball, 6S, EV 72.5 MPH)
Bottom of the 7th over - 1 run, 2 hits, 0 errors, 1 left on base; Boston 1 - Los Angeles 4
TOP OF THE 8TH
Boston Red Sox batting - Pitching for Los Angeles Dodgers : RHP Guy Hughes
Now at 2B: Anderson Burney
Now at SS: Logan Begin
Now in CF: Andrew Sibold
Now in RF: Ryker Andrade
Batting: SHB Ward Saylor 0-0: Called Strike
0-1: Ball
1-1: Foul Ball, location: 2F
1-2: Ball
2-2: Strikes out swinging
Pinch Hitting: SHB Christian Gibbs 0-0: Ball
1-0: Ball
2-0: Foul Ball, location: 7LSF
2-1: DOUBLE (Flyball, 8LXD, EV 111.9 MPH) - OUT at third base trying to stretch hit.
Batting: RHB Liam Sena 0-0: Ball
1-0: Fly out, F6 (Popup, 56D, EV 49.4 MPH)
Top of the 8th over - 0 runs, 1 hit, 0 errors, 0 left on base; Boston 1 - Los Angeles 4
BOTTOM OF THE 8TH
Los Angeles Dodgers batting - Pitching for Boston Red Sox : RHP Dylan Lafferty
Now in RF: Jaxson Eisley
Batting: LHB Andrew Sibold 0-0: Called Strike
0-1: Fly out, F7 (Flyball, 7D, EV 99.4 MPH)
Batting: RHB Isaac Joseph 0-0: Ball
1-0: Ball
2-0: Called Strike
2-1: SINGLE (Groundball, 6MD, EV 101.3 MPH)
Batting: RHB Everson Alberto 0-0: Ball
1-0: Ball
2-0: Called Strike
2-1: Foul Ball, location: 2F
2-2: Ball
3-2: Strikes out looking
Batting: RHB Ryker Andrade 0-0: Ball
1-0: Swinging Strike
1-1: SINGLE (Line Drive, 6D, EV 99.4 MPH)
Isaac Joseph to second
Batting: RHB Anderson Burney 0-0: Ball
1-0: Swinging Strike
1-1: Foul Ball, location: 9LDF
1-2: Ball
2-2: Foul Ball, location: 2F
2-2: Fly out, F7 (Flyball, 78M, EV 89.4 MPH)
Bottom of the 8th over - 0 runs, 2 hits, 0 errors, 2 left on base; Boston 1 - Los Angeles 4
TOP OF THE 9TH
Boston Red Sox batting - Pitching for Los Angeles Dodgers : RHP Guy Hughes
Pitching: RHP Aiden Cohen
Now at 3B: Jorge De La Paz
Batting: RHB Alastair Cooledge 0-0: Swinging Strike
0-1: Swinging Strike
0-2: Ball
1-2: Ball
2-2: Ball
3-2: Strikes out looking
Pinch Hitting: LHB Ben Viet 0-0: Called Strike
0-1: Ball
1-1: Fly out, F5 (Popup, 6, EV 75.0 MPH)
Batting: LHB Chase Veliz 0-0: Foul Ball, location: 2F
0-1: Fly out, F4 (Popup, 4D, EV 43.8 MPH)
Top of the 9th over - 0 runs, 0 hits, 0 errors, 0 left on base; Boston 1 - Los Angeles 4
Sunday, April 28th , 2024 - OOTP Baseball 24.11 Build 85